 Dungeon Crawl Stone Soup version 0.19.1 (webtiles) character file.

672 esteth the Skirmisher (level 7, -2/59 HPs)
             Began as a Formicid Abyssal Knight on Dec 15, 2016.
             Was a Priest of Lugonu.
             Killed by a spatial distortion (4 damage)
             ... on level 5 of the Dungeon.
             The game lasted 00:11:54 (3589 turns).

esteth the Skirmisher (Formicid Abyssal Knight)     Turns: 3589, Time: 00:11:55

Health: -2/59      AC: 10    Str: 18    XL:     7   Next: 90%
Magic:  7/8        EV:  7    Int: 12    God:    Lugonu [***...]
Gold:   216        SH:  4    Dex: 10    Spells: 0 memorised, 6 levels left

rFire  . . .     SeeInvis +     a - +1 hand axe
rCold  . . .     Gourm    .     h - +0 chain mail
rNeg   . . .     Faith    .     (no shield)
rPois  .         Spirit   .     (helmet unavailable)
rElec  .         Reflect  +     d - +0 cloak
rCorr  .         Harm     .     l - +0 pair of gloves
MR     .....                    (no boots)
Stlth  ..........               k - +4 amulet of reflection
                                (no ring)
                                (no ring)

@: no status effects
A: permanent stasis, dig shafts and tunnels, four strong arms, antennae 3
a: Dig, Shaft Self, Depart the Abyss, Bend Space, Banish, Renounce Religion


You were on level 5 of the Dungeon.
You worshipped Lugonu.
Lugonu was most pleased with you.
You were not hungry.

You visited 1 branch of the dungeon, and saw 5 of its levels.
You visited the Abyss 1 time.

You collected 216 gold pieces.

Inventory:

Hand Weapons
 a - a +1 hand axe (weapon)
 r - a +0 club
Armour
 b - a +0 leather armour
 d - a +0 cloak (worn)
 h - a +0 chain mail (worn)
 l - a +0 pair of gloves (worn)
 m - a +0 leather armour
Jewellery
 j - a cursed ring of wizardry {unknown}
 k - a +4 amulet of reflection (around neck)
 s - a +4 ring of evasion {unknown}
 A - an uncursed ring of protection from cold {unknown}
Wands
 v - a wand of flame (25/48)
Scrolls
 g - 4 scrolls of remove curse
 i - 3 scrolls of amnesia {unknown}
 n - 2 scrolls of noise {unknown}
 p - 4 scrolls of identify
 w - 2 scrolls of teleportation {unknown}
 x - a scroll of enchant armour {unknown}
 y - a scroll of magic mapping {unknown}
 C - a scroll of recharging {unknown}
 D - a scroll of blinking {unknown}
Potions
 e - 2 potions of might {unknown}
 f - 3 potions of lignification {unknown}
 o - 2 potions of degeneration {unknown}
 q - a potion of heal wounds {unknown}
 t - a potion of mutation {unknown}
 z - 2 potions of flight {unknown}
 E - 2 potions of curing {unknown}
 G - a potion of cancellation {unknown}
Books
 B - a book of Misfortune

   Spells                             Type                      Level
   a - Confusing Touch                Hexes                        1
   b - Confuse                        Hexes                        3
   c - Gell's Gravitas                Hexes/Translocation          3
   d - Petrify                        Transmutation/Earth          4
   e - Metabolic Englaciation         Hexes/Ice                    5
   f - Yara's Violent Unravelling     Hexes/Transmutation          5
Comestibles
 c - a bread ration
 u - a meat ration
 F - 2 chunks of flesh


   Skills:
 + Level 6.8 Fighting
 + Level 6.1 Axes
 - Level 2.1 Armour
 - Level 0.8 Dodging
 - Level 2.1 Invocations


You had 6 spell levels left.
You didn't know any spells.

Dungeon Overview and Level Annotations

Branches:
Dungeon (4/15)
 Temple: D:4-7

Altars:
Dithmenos
Zin

Annotations:
D:4 Pikel
D:5 Prince Ribbit


Innate Abilities, Weirdness & Mutations

You are under a permanent stasis effect.
You can dig through walls and to a lower floor.
Your four strong arms can wield two-handed weapons with a shield.
You have a pair of large antennae on your head. (SInv)


Message History

Pikel hits you with a whip of electrocution.
* * * LOW HITPOINT WARNING * * *
A slave comes into view.
Okay, then.
Space bends around you!
You blink.
* * * LOW HITPOINT WARNING * * *
A slave comes into view.
The slave shouts! x2
Are you sure you want to shaft yourself?
You feel quite a bit more hungry. You block the slave's attack.
You begin to dig a shaft.
You continue digging a shaft.
Pikel hits you but does no damage. The slave barely misses you.
The slave hits you but does no damage. A shaft appears beneath you!
You fall through a shaft!
The shaft crumbles and collapses.
An ogre and Prince Ribbit come into view.
Prince Ribbit gives a loud, deep croak!
The ogre shouts!
Space bends around you!
You blink.
You die...

{ #
#.######
#..@F.ยง#
######O#
#.# {
#.#{ #.#
#.# #.#
#.#


You could see Prince Ribbit and an ogre.

Vanquished Creatures
  Grinder (D:4)
  A phantom (D:4)
  An orc wizard (D:3)
  A bullfrog skeleton (D:4)
  Jessica (D:2)
  Natasha (thrice) (D:2)
  2 worker ants (D:4)
  3 gnolls (D:3)
  7 adders
  2 oozes
  2 worms (D:3)
  A dart slug (D:2)
  4 leopard geckos
  3 orcs (D:3)
  A ball python (D:1)
  4 giant cockroaches
  7 goblins
  10 hobgoblins
  4 jackals (D:1)
  9 kobolds
  10 bats
  14 frilled lizards
  A leopard gecko skeleton (D:4)
  10 rats
102 creatures vanquished.

Vanquished Creatures (others)
  A plant (D:3)
1 creature vanquished.

Grand Total: 103 creatures vanquished

Notes
Turn   | Place    | Note
-------+----------+-------------------------------------------
     0 | Abyss:1  | esteth the Formicid Abyssal Knight began the quest for the Orb.
     0 | Abyss:1  | Reached XP level 1. HP: 18/18 MP: 2/2
    59 | Abyss:1  | Noticed a cacodemon
    65 | Abyss:1  | Noticed a large abomination
    68 | D:1      | Escaped the Abyss
   183 | D:1      | Reached XP level 2. HP: 16/24 MP: 3/3
   195 | D:1      | Reached * piety under Lugonu
   383 | D:1      | Reached XP level 3. HP: 27/30 MP: 4/4
   751 | D:2      | Noticed Jessica
   769 | D:2      | Killed Jessica
   769 | D:2      | Reached XP level 4. HP: 14/38 MP: 5/5
   821 | D:2      | Found a faded altar of an unknown god.
  1090 | D:2      | Noticed Natasha
  1101 | D:2      | Killed Natasha
  1159 | D:2      | Reached ** piety under Lugonu
  1159 | D:2      | Reached XP level 5. HP: 43/43 MP: 6/6
  1396 | D:2      | Found a shadowy altar of Dithmenos.
  1498 | D:2      | Noticed Natasha
  1506 | D:2      | Killed Natasha
  1641 | D:2      | Noticed Natasha
  1661 | D:2      | Killed Natasha
  1661 | D:2      | Reached skill level 5 in Fighting
  1809 | D:3      | Reached XP level 6. HP: 47/51 MP: 7/7
  2177 | D:3      | Reached skill level 5 in Axes
  2341 | D:3      | Reached *** piety under Lugonu
  2449 | D:3      | Found a glowing silver altar of Zin.
  2850 | D:4      | Noticed Grinder
  3098 | D:4      | Killed Grinder
  3098 | D:4      | Reached XP level 7. HP: 38/59 MP: 8/8
  3311 | D:4      | Got a translucent long sword
  3528 | D:4      | Noticed Pikel
  3585 | D:4      | HP: 2/59 [spatial distortion (1)]
  3588 | D:4      | You fall through a shaft!
  3588 | D:5      | Entered Level 5 of the Dungeon
  3588 | D:5      | Noticed Prince Ribbit
  3589 | D:5      | Killed by a spatial distortion

Skill      XL: |  1  2  3  4  5  6  7 |
---------------+----------------------+-----
Fighting       | 4 5 6 |  6.8
Axes           | 3 4 5 6 |  6.1
Armour         | |  2.1
Dodging        | |  0.8
Invocations    | |  2.1

Action                   |  1- 3 |  4- 6 |  7- 9 || total
-------------------------+-------+-------+-------++-------
Melee: Hand axe          |   101 |   285 |    77 ||   463
Invok: Depart the Abyss  |     1 |       |       ||     1
       Bend Space        |       |       |     1 ||     1
 Abil: Shaft Self        |       |       |     1 ||     1
  Use: Scroll            |       |     2 |       ||     2
  Eat: Chunk             |       |     5 |       ||     5
       Bread ration      |       |     1 |       ||     1
       Pizza             |       |     1 |       ||     1
Armor: Chain mail        |    93 |   140 |    33 ||   266
Dodge: Dodged            |    49 |   113 |    20 ||   182
Block: Other             |       |    47 |    15 ||    62
